Map: Divergence LE

Players

Foxik

  • Race: Zerg Zerg
  • League: Gold
  • Spawn Location: 11:00

бабОЧКА

  • Race: Terran Terran
  • League: Platinum
  • Spawn Location: 11:00

Massa - Winner!

  • Race: Terran Terran
  • League: Gold
  • Spawn Location: 5:00

qqq - Winner!

  • Race: Protoss Protoss
  • Spawn Location: 5:00

VOD

Have the link to the VOD?

Description

Time

  • Played on: June 29, 2020, 1:03 p.m.
  • Length: 24:36
Show
View Real Time Build Order
Export as new Build Order

Foxik Zerg 

Build Orders: Pool First, Swarm Host 

Get SALT Encoding   

  12  0:01  Drone  
  13  0:12  Drone  
  14  0:18  Extractor  
  14  0:19  Drone  
  14  0:24  Overlord  
  15  0:39  Overlord  
  15  0:44  Drone  
  16  0:53  Drone  
  17  1:10  Drone x2  
  19  1:30  Extractor  
  19  1:31  Drone x2  
  20  1:36  Spawning Pool  
  20  1:38  Drone  
  20  1:39  Hatchery  
  19  1:54  Drone  
  19  2:01  Drone  
  20  2:14  Drone  
  21  2:17  Extractor  
  20  2:24  Drone  
  20  2:26  Queen  
  23  2:32  Zergling x2  
  24  2:49  Metabolic Boost  
  24  2:51  Zergling x2  
  24  2:54  Drone  
  24  2:55  Drone  
  24  2:56  Queen  
  29  3:25  Zergling x2  
  29  3:26  Zergling x2  
  31  3:28  Drone x4  
  35  3:37  Overlord x3  
  35  3:40  Lair  
  35  3:48  Drone  
  36  3:58  Drone x3  
  39  4:05  Drone  
  40  4:11  Drone x7  
  47  4:35  Extractor  
  46  4:39  Drone x7  
  53  4:47  Baneling Nest  
  53  4:49  Drone  
  53  4:54  Zergling x8  
  57  5:01  Evolution Chamber  
  57  5:02  Evolution Chamber  
  57  5:05  Infestation Pit  
  54  5:12  Evolution Chamber  
  53  5:18  Roach Warren  
  52  5:27  Spire  
  51  5:31  Zergling x6  
  51  5:32  Zergling x12  
  60  5:40  Nydus Network  
  59  5:43  Drone  
  60  6:04  Overlord x3  
  60  6:07  Zerg Missile Weapons Level 1  
  60  6:08  Zerg Melee Weapons Level 1, Zerg Ground Armor Level 1  
  60  6:14  Hive  
  60  6:35  Nydus Canal  
  44  7:35  Swarm Host x2  
  44  7:36  Swarm Host x2  
  56  7:39  Swarm Host x2  
  61  8:03  Swarm Host x2  
  67  8:15  Swarm Host  
  71  8:48  Drone x2  
  71  8:49  Drone  
  73  8:55  Swarm Host  
  73  8:56  Swarm Host x2  
  82  9:29  Hatchery  
  81  9:39  Extractor x2  
  81  9:41  Overlord  
  81  9:42  Overlord x7  
  81  9:43  Overlord  
  79  10:00  Nydus Canal  
  79  10:18  Nydus Canal  
  79  10:35  Nydus Canal  
  79  11:05  Swarm Host x11  
  79  11:08  Drone  
  79  11:09  Drone x2  
  115  11:12  Drone x3  
  118  11:25  Drone  
  119  11:33  Nydus Network  
  118  11:42  Nydus Canal  
  118  12:06  Roach x15  
  124  12:55  Nydus Canal  
  124  12:58  Nydus Canal  
  93  14:17  Queen  
  93  14:22  Corruptor x6  
  107  14:51  Hatchery  
  106  14:56  Corruptor x3  
  106  14:57  Corruptor x3  
  118  15:03  Zerg Melee Weapons Level 2  
  118  15:14  Extractor  
  118  15:15  Extractor  
  116  15:27  Queen  
  64  17:29  Ultralisk Cavern  
  63  17:36  Spire  
  62  17:42  Drone x6  
  68  17:57  Drone x2  
  68  17:58  Drone  
  71  18:08  Hydralisk Den  
  70  18:21  Chitinous Plating  
  70  18:25  Ultralisk x2  
  82  18:30  Ultralisk  
  88  18:55  Hydralisk x2  
  62  19:40  Anabolic Synthesis  
  62  19:44  Extractor  
  57  20:10  Overlord  
  57  20:11  Overlord x7  
  57  20:12  Overlord  
  57  20:21  Hatchery  
  56  20:22  Extractor  
  56  20:24  Extractor  
  54  20:55  Hydralisk x4  
  62  21:26  Grooved Spines  
  62  21:34  Drone x3  
  64  22:17  Drone x2  
  66  22:29  Drone  
  68  22:30  Drone x4  
  69  22:42  Muscular Augments  
  59  23:21  Hatchery  
Show
View Real Time Build Order
Export as new Build Order

бабОЧКА Terran 

Build Orders:  

Get SALT Encoding   

  12  0:02  SCV  
  13  0:18  SCV, Supply Depot  
  14  0:27  Refinery  
  14  0:42  SCV, Barracks  
  15  0:54  SCV  
  16  1:08  SCV  
  16  1:20  SCV  
  16  1:23  Supply Depot  
  17  1:32  SCV  
  18  1:41  Reaper  
  18  1:44  SCV  
  20  1:56  SCV  
  21  2:01  Factory  
  21  2:08  Refinery  
  21  2:10  Orbital Command  
  21  2:18  Barracks Reactor  
  21  3:13  Barracks Reactor  
  21  3:30  Command Center  
  21  3:38  Hellion x2  
  24  4:13  Widow Mine x2  
  24  4:15  Reaper x2  
  26  5:12  Reaper x2  
  28  5:17  Engineering Bay  
  28  5:18  Engineering Bay  
  28  5:20  Supply Depot  
  26  5:42  Supply Depot  
  26  5:44  Reaper x2  
  26  5:45  Supply Depot x2  
  26  6:16  Reaper x2  
  26  6:17  SCV  
  26  6:18  SCV  
  30  6:25  Terran Infantry Armor Level 1, Terran Infantry Weapons Level 1  
  28  6:27  Widow Mine x2  
  28  6:29  SCV  
  34  6:41  SCV  
  34  6:42  Orbital Command  
  34  6:48  Widow Mine, Reaper x2  
  34  6:49  Widow Mine  
  34  6:53  SCV  
  41  7:03  Refinery  
  41  7:04  Refinery  
  41  7:06  SCV, Command Center  
  41  7:39  Reaper  
  41  7:40  Reaper  
  43  8:12  Reaper x2  
  40  8:25  Starport x2  
  40  8:26  Refinery  
  40  8:28  SCV  
  40  8:29  SCV x2  
  43  8:40  SCV  
  43  8:41  SCV x2  
  46  8:44  Reaper x2, Armory  
  48  8:52  Refinery, SCV  
  48  8:53  SCV  
  50  9:06  Viking x2, Fusion Core  
  54  9:16  Reaper x2  
  56  9:19  SCV x2  
  56  9:22  Orbital Command  
  58  9:31  SCV x2  
  58  9:35  Barracks  
  58  9:37  Barracks  
  58  9:38  Terran Infantry Armor Level 2, Terran Infantry Weapons Level 2  
  60  9:43  SCV x2  
  62  9:48  Reaper x2  
  64  9:55  SCV x2  
  66  10:07  SCV  
  66  10:08  SCV  
  60  10:32  Reaper x2  
  60  10:34  Barracks Reactor  
  60  10:35  Barracks Reactor  
  50  11:04  Viking x2  
  54  11:11  Orbital Command  
  54  11:15  Reaper x3  
  54  11:16  Reaper x3  
  58  11:26  Missile Turret  
  58  11:27  Missile Turret x2  
  55  11:34  Viking x2  
  50  11:47  Reaper x2  
  50  11:48  Reaper x4  
  50  11:53  Widow Mine x2  
  51  12:04  Viking x2  
  55  12:15  Widow Mine x2  
  53  12:20  Marine x2  
  53  12:21  Marine x2  
  55  12:26  Marine x2  
  55  12:34  Viking x2  
  55  12:45  Supply Depot  
  55  12:47  Supply Depot  
  55  12:55  Marine  
  55  13:07  Widow Mine, Marine x5  
  55  13:09  Supply Depot  
  55  13:11  Supply Depot  
  62  13:14  Marine  
  61  13:24  Marine x4  
  61  13:25  Marine  
  63  13:31  Marine  
  60  13:42  Marine x3  
  65  14:04  Starport Reactor x2  
  56  14:13  Factory  
  51  14:48  Command Center  
  51  14:51  Terran Infantry Weapons Level 3, Terran Infantry Armor Level 3  
  50  14:56  Viking  
  50  14:57  Viking x3  
  58  15:00  Terran Ship Weapons Level 1  
  55  15:37  Factory Tech Lab  
  55  15:42  Command Center  
  20  16:19  Marine  
  20  16:20  Marine x3  
  20  16:25  Viking x4  
  22  16:37  Marine  
  22  16:38  Marine x3  
  25  16:55  Marine, Viking x4  
  25  16:56  Marine x3  
  34  17:13  Marine x2  
  34  17:14  Marine x2  
  30  17:31  Marine x4  
  33  17:49  Marine x4  
  35  18:06  Marine  
  35  18:07  Marine x3  
  35  18:23  Siege Tank  
  38  18:55  Siege Tank  
  41  18:58  Command Center  
  35  19:27  Siege Tank  
  29  19:59  Siege Tank  
  28  20:37  Marine x3  
  28  20:38  Marine  
  32  20:55  Marine x4  
  36  21:13  Marine x4  
  36  21:16  Refinery  
  40  22:04  Stimpack  
  40  22:10  Marine x3  
  43  22:28  Marine x3  
  46  22:45  Marine  
  46  22:46  Marine x2  
  46  22:49  Planetary Fortress  
  47  23:27  Orbital Command  
Show
View Real Time Build Order
Export as new Build Order

Massa Terran - Winner!

Build Orders:  

Get SALT Encoding   

  12  0:04  SCV  
  13  0:16  Supply Depot  
  13  0:18  SCV  
  14  0:30  SCV  
  15  0:40  Barracks  
  15  0:43  SCV  
  16  0:55  SCV  
  17  1:14  Supply Depot  
  17  1:20  SCV  
  18  1:26  Marine  
  18  1:30  Refinery  
  18  1:32  SCV  
  20  1:33  Refinery  
  20  1:44  SCV  
  21  1:52  Marine  
  22  1:57  Command Center  
  22  2:10  Marine  
  22  2:13  Bunker  
  23  2:29  Supply Depot  
  23  2:38  Barracks Tech Lab  
  23  2:50  SCV  
  24  2:57  Marine  
  25  3:02  SCV  
  26  3:13  SCV  
  26  3:14  SCV  
  26  3:15  Marine  
  26  3:16  Factory  
  29  3:25  SCV  
  29  3:27  SCV  
  31  3:37  SCV  
  31  3:39  SCV  
  33  3:49  SCV  
  32  4:08  Marauder  
  32  4:09  Orbital Command x2  
  34  4:13  Factory Tech Lab  
  34  4:17  Engineering Bay  
  34  4:19  Supply Depot  
  34  4:29  Marauder  
  36  4:40  SCV  
  36  4:42  Supply Depot  
  37  4:52  SCV  
  38  4:56  Marauder  
  40  5:04  SCV  
  40  5:06  Supply Depot  
  41  5:10  Siege Tank  
  41  5:12  Terran Infantry Weapons Level 1  
  44  5:17  Marauder  
  44  5:18  Missile Turret  
  46  5:22  Missile Turret  
  46  5:23  SCV x2  
  49  5:35  SCV x2  
  49  5:36  Barracks  
  49  5:39  Marauder  
  49  5:40  Missile Turret  
  52  5:44  Missile Turret  
  52  5:47  SCV  
  52  5:48  SCV  
  53  6:00  Marauder  
  55  6:12  Refinery  
  55  6:15  Refinery  
  55  6:33  Starport  
  55  6:36  SCV  
  56  6:42  Siege Tank  
  56  6:43  Command Center  
  56  6:44  Marauder  
  61  6:48  SCV, Barracks Tech Lab  
  61  6:50  Stimpack  
  62  7:06  Terran Infantry Armor Level 1, Marauder  
  64  7:14  Siege Tank  
  48  7:22  Marauder  
  48  7:27  Marauder  
  38  7:44  Marauder  
  38  7:49  Marauder  
  33  7:56  SCV  
  33  7:59  SCV  
  33  8:00  SCV  
  33  8:05  Marauder  
  37  8:08  SCV  
  37  8:10  Marauder  
  37  8:11  SCV  
  37  8:12  SCV, Barracks  
  42  8:20  SCV, Siege Tank  
  42  8:24  SCV x2  
  42  8:27  Marauder  
  50  8:31  Marauder  
  50  8:32  SCV  
  53  8:36  SCV x2  
  55  8:45  SCV  
  55  8:48  SCV x2, Marauder  
  60  8:57  SCV  
  60  9:00  SCV x2  
  63  9:04  Barracks Tech Lab  
  63  9:05  Marauder  
  63  9:08  Siege Tank  
  63  9:09  Marauder  
  70  9:12  Concussive Shells  
  70  9:15  SCV  
  70  9:16  SCV x2  
  73  9:26  Marauder  
  73  9:27  SCV, Marauder  
  73  9:28  SCV x2  
  73  9:31  Marauder  
  82  9:39  SCV  
  82  9:40  SCV x2  
  82  9:41  Refinery  
  82  9:43  Missile Turret  
  85  9:49  Supply Depot  
  85  10:06  Missile Turret  
  85  10:09  SCV  
  85  10:10  SCV x2  
  85  10:11  Marauder x2  
  85  10:13  Supply Depot  
  86  10:16  Marauder  
  87  10:21  SCV, Siege Tank  
  87  10:22  SCV x2  
  87  10:25  Missile Turret  
  91  10:33  Marauder  
  91  10:34  SCV  
  91  10:35  Marauder  
  96  10:36  Supply Depot  
  96  10:54  Siege Tank  
  96  11:14  Marauder x3  
  96  11:15  Combat Shield  
  102  11:26  Barracks  
  102  11:35  Marauder x3  
  108  11:56  Marine  
  109  12:18  Marine x2  
  109  12:19  Marine  
  92  12:36  Marine x2  
  92  12:37  Marine  
  86  12:39  Siege Tank  
  86  12:42  SCV  
  91  12:46  Medivac  
  93  12:54  SCV, Marine x2  
  93  12:55  Marauder  
  98  13:06  SCV  
  98  13:11  Siege Tank  
  98  13:12  Marauder x2  
  104  13:16  Marauder  
  104  13:18  SCV  
  93  13:21  SCV x2  
  68  13:31  SCV  
  68  13:33  SCV x2  
  64  13:41  Marauder x3  
  70  13:43  SCV  
  70  13:44  Barracks Reactor  
  70  13:45  SCV x2  
  73  13:55  SCV  
  74  13:58  SCV  
  74  14:02  Marauder x3  
  81  14:07  SCV  
  82  14:10  SCV  
  83  14:19  SCV  
  83  14:22  SCV  
  83  14:23  Marauder, Marine  
  83  14:24  Marauder  
  81  14:31  SCV  
  71  14:43  SCV  
  71  14:45  Planetary Fortress  
  72  14:52  SCV  
  73  14:55  SCV  
  74  15:04  SCV  
  75  15:07  SCV  
  75  15:08  Armory  
  76  15:16  SCV  
  76  15:19  SCV  
  78  15:28  SCV  
  79  15:32  SCV  
  80  15:40  SCV  
  81  15:44  SCV  
  80  15:56  SCV  
  79  16:08  SCV  
  77  16:16  Marauder x3, Marine  
  77  16:17  Marine  
  72  16:20  SCV  
  70  16:34  Marine x2  
  70  16:37  Marauder  
  70  16:38  Marauder x2  
  73  16:52  Marine x2  
  67  16:59  Marauder x3  
  67  17:10  Marine  
  67  17:12  Marine  
  63  17:20  Marauder x2  
  63  17:21  Marauder  
  69  17:27  Marine  
  70  17:30  Marine  
  71  17:41  Marauder  
  71  17:42  SCV, Marauder x2  
  71  17:43  SCV x2  
  80  17:45  Marine  
  80  17:48  Marine  
  80  17:50  Refinery  
  82  17:54  SCV  
  82  17:55  SCV x2  
  85  17:59  Terran Vehicle Weapons Level 1  
  85  18:02  Terran Infantry Weapons Level 2  
  85  18:03  Marauder x3, Marine  
  92  18:06  Marine  
  93  18:13  Supply Depot  
  93  18:14  Supply Depot  
  93  18:15  Supply Depot  
  93  18:16  Supply Depot  
  93  18:17  Supply Depot  
  93  18:18  Supply Depot  
  93  18:34  Marine  
  93  18:35  SCV x3, Marauder, Marine, Medivac  
  93  18:38  Supply Depot  
  93  18:39  Supply Depot  
  93  18:40  Supply Depot x2  
  93  18:41  Supply Depot x2  
  102  18:47  SCV x3  
  105  18:59  SCV x3  
  105  19:01  Supply Depot  
  108  19:03  Supply Depot  
  108  19:05  Medivac, Supply Depot x2  
  108  19:08  Supply Depot  
  110  19:11  SCV x3  
  110  19:16  Marauder x3  
  105  19:20  Marine x2  
  106  19:35  Siege Tank  
  106  19:37  Marauder x3  
  106  19:38  Marine x2  
  97  19:53  Terran Vehicle And Ship Armor Level 1  
  97  19:55  Marine  
  97  19:56  Marine  
  97  19:58  Marauder  
  97  19:59  Marauder x2  
  84  20:07  Siege Tank  
  87  20:13  Marine x2  
  89  20:17  Factory  
  89  20:20  Marauder x3  
  95  20:31  Marine x2  
  97  20:41  Marauder x3  
  103  20:45  Command Center  
  103  20:49  Marine x2, Command Center  
  105  20:55  SCV x3  
  108  21:03  Marauder x3  
  114  21:07  SCV x3  
  117  21:20  Command Center  
  117  21:24  Marauder x3  
  123  21:29  Factory Tech Lab  
  123  21:31  Siege Tank  
  126  21:35  Marine x2  
  128  21:45  Marauder x2  
  128  21:46  Marauder  
  134  21:53  Marine x2  
  136  21:56  SCV x3  
  139  22:01  Orbital Command  
  139  22:02  Orbital Command  
  139  22:03  Siege Tank  
  139  22:07  Marauder x3  
  139  22:08  SCV x3  
  149  22:11  Marine x2, Command Center  
  153  22:16  Missile Turret  
  153  22:20  SCV x2  
  153  22:21  SCV  
  156  22:28  Marauder x3, Marine  
  156  22:29  Marine  
  164  22:32  SCV  
  164  22:33  SCV x2  
  167  22:37  Missile Turret  
  167  22:42  Refinery  
  167  22:43  Refinery  
  167  22:44  SCV  
  167  22:45  SCV x2  
  167  22:49  Refinery, Marauder  
  167  22:50  Marauder x2  
  176  22:56  SCV x4  
  180  22:58  Missile Turret  
  180  23:00  Refinery  
  180  23:04  Refinery  
  180  23:05  Marine x2  
  181  23:11  Marauder x3, Thor  
  194  23:27  Medivac  
  194  23:32  Marauder  
  198  23:57  Medivac  
  197  24:08  Refinery  
Show
View Real Time Build Order
Export as new Build Order

qqq Protoss - Winner!

Build Orders:  

Get SALT Encoding   

  12  0:02  Probe  
  13  0:14  Pylon  
  13  0:32  Forge  
  14  0:41  Gateway  
  13  0:43  Probe  
  14  0:55  Probe  
  15  1:07  Probe  
  16  1:20  Pylon  
  16  1:29  Pylon  
  16  1:37  Pylon  
  16  1:42  Pylon  
  16  1:56  Nexus  
  16  2:07  Photon Cannon  
  16  2:18  Photon Cannon  
  16  2:23  Pylon  
  16  2:31  Probe  
  17  2:38  Cybernetics Core  
  16  2:50  Probe  
  16  3:02  Probe  
  17  3:09  Assimilator  
  17  3:14  Probe  
  17  3:16  Probe  
  19  3:26  Probe  
  20  3:28  Probe, Photon Cannon  
  21  3:39  Photon Cannon  
  21  3:50  Probe  
  21  3:52  Probe  
  23  4:04  Probe  
  24  4:17  Probe  
  25  4:23  Pylon  
  25  4:24  Photon Cannon  
  25  4:26  Stalker  
  25  4:29  Probe  
  28  4:41  Probe  
  27  4:53  Probe  
  25  5:05  Probe  
  26  5:12  Assimilator  
  26  5:14  Probe  
  27  5:17  Probe  
  28  5:26  Probe  
  29  5:29  Probe  
  29  5:30  Stargate  
  29  5:32  Assimilator  
  30  5:36  Assimilator  
  30  5:38  Probe  
  30  5:41  Probe  
  29  5:50  Probe  
  29  5:53  Probe  
  31  6:02  Probe  
  32  6:08  Probe  
  33  6:14  Probe  
  33  6:18  Probe  
  35  6:26  Probe x2  
  35  6:28  Phoenix  
  35  6:32  Stargate  
  39  6:34  Probe  
  39  6:37  Stargate  
  40  6:46  Probe  
  41  6:56  Robotics Facility  
  41  6:57  Pylon  
  41  6:58  Probe, Pylon  
  41  7:00  Void Ray  
  46  7:16  Pylon  
  44  7:34  Phoenix  
  44  7:35  Phoenix  
  48  7:39  Probe  
  48  7:42  Photon Cannon  
  48  7:43  Phoenix  
  51  7:44  Photon Cannon  
  51  7:48  Photon Cannon  
  51  7:51  Probe  
  52  7:52  Photon Cannon  
  52  7:59  Phoenix  
  52  8:03  Probe  
  49  8:12  Nexus  
  45  8:15  Probe, Pylon  
  45  8:18  Pylon  
  46  8:27  Probe  
  46  8:34  Observer  
  37  8:39  Probe  
  34  8:43  Probe  
  35  8:51  Probe  
  35  8:55  Probe  
  37  9:03  Probe  
  37  9:07  Probe  
  39  9:11  Probe  
  40  9:19  Probe x2  
  42  9:30  Probe, Photon Cannon  
  42  9:31  Probe  
  42  9:32  Probe  
  45  9:43  Probe, Phoenix  
  48  9:47  Probe  
  49  9:55  Probe  
  49  9:59  Probe  
  45  10:08  Probe  
  45  10:11  Probe  
  47  10:20  Probe  
  48  10:34  Phoenix x3  
  54  10:38  Probe  
  55  10:51  Probe  
  56  10:59  Phoenix x2  
  60  11:07  Probe  
  60  11:08  Probe  
  62  11:14  Photon Cannon  
  62  11:19  Probe  
  62  11:20  Probe  
  62  11:22  Probe  
  65  11:31  Probe  
  65  11:32  Probe  
  59  11:34  Probe  
  60  11:44  Probe  
  60  11:46  Probe  
  62  11:48  Fleet Beacon  
  62  11:51  Photon Cannon  
  62  11:56  Probe  
  62  11:58  Probe  
  64  12:03  Phoenix  
  64  12:04  Phoenix x2  
  70  12:08  Probe  
  70  12:11  Probe  
  72  12:20  Probe  
  72  12:21  Protoss Air Weapons Level 1  
  67  12:33  Probe, Phoenix  
  67  12:34  Phoenix x2  
  59  12:58  Phoenix  
  59  12:59  Phoenix x2  
  59  13:02  Photon Cannon  
  65  13:06  Photon Cannon  
  65  13:08  Pylon  
  65  13:24  Carrier  
  63  13:35  Probe  
  45  13:45  Anion Pulse-Crystals  
  45  13:47  Probe, Nexus  
  45  13:48  Carrier  
  50  13:50  Pylon  
  50  13:53  Pylon  
  50  13:59  Probe  
  51  14:12  Probe  
  52  14:24  Probe  
  53  14:28  Phoenix  
  53  14:29  Forge  
  55  14:45  Nexus  
  55  14:53  Phoenix x2  
  59  15:06  Probe  
  60  15:18  Probe  
  61  15:23  Photon Cannon  
  61  15:30  Probe  
  62  15:39  Pylon  
  62  15:42  Probe  
  63  15:44  Carrier  
  65  16:26  Nexus  
  65  16:47  Probe  
  65  16:51  Photon Cannon  
  66  16:59  Probe  
  67  17:03  Probe  
  68  17:11  Probe  
  63  17:23  Probe  
  64  17:35  Probe  
  64  17:36  Probe  
  66  17:48  Probe x2  
  68  18:00  Probe x2  
  70  18:12  Probe x2  
  72  18:19  Assimilator  
  72  18:23  Assimilator  
  72  18:24  Probe  
  73  18:28  Assimilator  
  73  18:29  Probe  
  73  18:32  Photon Cannon  
  74  18:35  Photon Cannon  
  74  18:36  Probe  
  74  18:40  Tempest  
  80  18:41  Probe  
  81  18:48  Probe  
  81  18:53  Probe  
  83  19:01  Probe  
  84  19:05  Probe  
  85  19:18  Probe  
  66  19:55  Tempest  
  71  20:15  Probe, Assimilator  
  72  20:26  Nexus  
  72  20:27  Probe  
  73  20:31  Pylon  
  73  20:33  Pylon  
  73  20:37  Pylon  
  73  20:39  Probe  
  73  20:41  Pylon  
  74  20:43  Carrier  
  74  20:47  Pylon, Assimilator  
  80  20:51  Probe, Pylon  
  81  20:58  Phoenix, Pylon  
  81  21:04  Probe  
  84  21:07  Immortal  
  84  21:08  Zealot  
  90  21:35  Zealot  
  90  21:37  Carrier  
  98  21:52  Probe  
  99  21:56  Photon Cannon  
  99  21:59  Photon Cannon  
  99  22:02  Photon Cannon, Zealot  
  99  22:04  Probe, Shield Battery  
  99  22:05  Probe, Shield Battery  
  99  22:06  Pylon  
  103  22:09  Pylon  
  103  22:11  Photon Cannon x2  
  103  22:13  Photon Cannon  
  103  22:16  Probe  
  103  22:17  Probe  
  103  22:19  Photon Cannon  
  103  22:21  Photon Cannon  
  105  22:24  Photon Cannon  
  105  22:26  Photon Cannon  
  105  22:28  Photon Cannon  
  105  22:29  Probe, Zealot  
  108  22:32  Nexus  
  108  22:35  Photon Cannon  
  108  22:36  Carrier  
  114  22:41  Probe, Photon Cannon, Carrier  
  114  22:43  Photon Cannon  
  121  22:46  Photon Cannon  
  121  22:48  Shield Battery  
  121  22:50  Shield Battery  
  121  22:52  Photon Cannon  
  121  22:54  Probe  
  121  22:56  Zealot  
  124  23:06  Probe  
  125  23:18  Probe  
  116  23:30  Probe  
  123  23:52  Immortal  
  133  23:55  Zealot  
  133  23:57  Probe  
  136  24:09  Probe  
  137  24:21  Probe  
Tags
 
Add a new tag
Caveats
  • Supply blocks, unpowered buildings, or Contaminate may cause inaccurate times.
  • Supply counts are checked every 10 seconds.